 Dungeon Crawl Stone Soup version bcrawl-1.41.1 (webtiles) character file.

Game seed: 17174827378977123083

119668 Yshiel the Chiller (level 4, -2/32 HPs)
             Began as a Gnoll Ice Elementalist on Apr 21, 2024.
             Slain by an orc warrior
             ... wielding a +0 battleaxe
              (9 damage)
             ... on level 3 of the Dungeon on Apr 23, 2024.
             The game lasted 00:14:33 (2388 turns).

Yshiel the Chiller (Gnoll Ice Elementalist)         Turns: 2388, Time: 00:14:34

Health: -2/32      AC:  2    Str: 11    XL:     4   Next: 77%
Magic:  6/11       EV: 15    Int: 17    God:
Gold:   72         SH:  0    Dex: 16    Spells: 12/13 levels left

rFire    . . .     GDR:     29% y - +1 rapier (venom)
rCold    . . .     SeeInvis .   (no shield)
rNeg     . . .     Gourm    .   a - +0 robe
rPois    .         Faith    .   (no helmet)
rElec    .         Spirit   .   (no cloak)
rCorr    .         Reflect  .   (no gloves)
MR       .....                  (no boots)
Stlth    +++.......             (no amulet)
HPRegen  0.15/turn              (no ring)
MPRegen  0.12/turn              (no ring)

@: no status effects
A: distributed training, fangs 1, strong nose
a: no special abilities


You were on level 3 of the Dungeon.
You were hungry.

You visited 1 branch of the dungeon, and saw 3 of its levels.

You collected 72 gold pieces.

Inventory:

Hand Weapons
 b - a +0 hand axe
 h - a +0 dagger
 r - a +2 hunting sling of velocity
 t - a +2 whip of electrocution
 y - a +1 rapier of venom (weapon)
Missiles
 l - 93 poisoned tomahawks (quivered)
 o - 132 bolts
 p - 569 stones
 v - 70 poisoned needles
 C - 49 curare-tipped needles
Armour
 a - a +0 robe (worn)
Jewellery
 u - an uncursed ring of positive energy
Wands
 c - a wand of iceblast (1)
Scrolls
 d - 2 scrolls of teleportation
 f - a scroll of revelation {unknown}
 i - 3 scrolls of identify
 j - 2 scrolls of fog {unknown}
 m - a scroll of amnesia {unknown}
 n - a scroll of remove curse
Potions
 g - 2 potions of agility {unknown}
 k - a potion of heal wounds {unknown}
 q - a potion of haste {unknown}
 s - a potion of curing {unknown}
 w - a potion of might {unknown}
 x - 2 potions of flight {unknown}
 A - a potion of ambrosia {unknown}
 B - a potion of experience {unknown}
Comestibles
 e - 5 rations {!d}
 z - 6 chunks of flesh


   Skills:
 + Level 1.2 Fighting
 + Level 1.2 Short Blades
 + Level 1.2 Long Blades
 + Level 1.2 Axes
 + Level 1.2 Maces & Flails
 + Level 1.2 Polearms
 + Level 1.2 Staves
 + Level 1.2 Slings
 + Level 1.2 Bows
 + Level 1.2 Crossbows
 + Level 1.2 Throwing
 + Level 1.2 Armour
 + Level 4.7 Dodging
 + Level 4.7 Stealth
 + Level 1.2 Shields
 + Level 1.2 Unarmed Combat
 + Level 5.1 Spellcasting
 + Level 2.3 Conjurations
 + Level 1.0 Hexes
 + Level 1.0 Charms
 + Level 1.0 Summonings
 + Level 1.0 Necromancy
 + Level 1.0 Translocations
 + Level 1.0 Transmutations
 + Level 1.0 Fire Magic
 + Level 5.5 Ice Magic
 + Level 1.0 Air Magic
 + Level 1.0 Earth Magic
 + Level 1.0 Poison Magic
 + Level 1.3 Invocations
 + Level 1.2 Evocations


You had 12 spell levels left.
You knew the following spells:

 Your Spells              Type           Power        Failure   Level  Hunger
a - Freeze                Ice            ###...       1%          1    None

Your spell library contained the following spells:

 Spells                   Type           Power        Failure   Level  Hunger
 Throw Frost              Conj/Ice       ###...       1%          2    None
 Ozocubu's Armour         Chrm/Ice       ###.....     11%         3    ###....
 Throw Icicle             Conj/Ice       ###.....     28%         4    ####...
 Ice Form                 Ice/Tmut       ###.....     36%         4    ####...
 Summon Ice Beast         Ice/Summ       ###.....     36%         4    ####...


Dungeon Overview and Level Annotations

Branches:
Dungeon (3/12)

Altars:
Ru
Vehumet
Zin


Innate Abilities, Weirdness & Mutations

Your experience applies equally to all skills.
You have very sharp teeth.
Your uncanny sense of smell can sniff out nearby items.


Message History

Aim: an orc warrior, wielding a +0 battleaxe and wearing a +0 plate armour (lightly wounded)
You freeze the orc warrior.
The orc warrior is lightly wounded.
Casting: Freeze (safe; 1% risk of failure)
Confirm with . or Enter, or press ? or * to list all spells.
Aiming: Freeze (safe; 1% risk of failure)
Press: ? - help, Shift-Dir - straight line, f/p - orc warrior
Aim: an orc warrior, wielding a +0 battleaxe and wearing a +0 plate armour (lightly wounded)
You freeze the orc warrior!
The orc warrior is heavily wounded.
The orc warrior closely misses you.
Casting: Freeze (safe; 1% risk of failure)
Confirm with . or Enter, or press ? or * to list all spells.
Aiming: Freeze (safe; 1% risk of failure)
Press: ? - help, Shift-Dir - straight line, f/p - orc warrior
Aim: an orc warrior, wielding a +0 battleaxe and wearing a +0 plate armour (heavily wounded)
You freeze the orc warrior!
The orc warrior is severely wounded.
The orc warrior hits you with a +0 battleaxe!
You die...

%.... .....
#... #r.# #..#
.## #..#
.....#####..##
#...@oo...##
######.)...##
##.......##
#.....$...#
+..?....<.+
#.........#
##.......##
##.....##
##...##


You could see an orc warrior and an orc.

Vanquished Creatures
  A worker ant (D:3)
  An ooze (D:1)
  3 worms
  6 leopard geckos
  An orc (D:3)
  A ball python (D:1)
  5 bats
  2 giant cockroaches
  3 goblins
  12 hobgoblins
  2 jackals (D:3)
  2 frilled lizards
  7 kobolds
  6 rats
52 creatures vanquished.

Notes
Turn   | Place    | Note
-------+----------+-------------------------------------------
     0 | D:1      | Yshiel the Gnoll Ice Elementalist began the quest for the
                  | Orb.
     0 | D:1      | Reached XP level 1. HP: 13/13 MP: 6/6
   325 | D:1      | Reached XP level 2. HP: 13/19 MP: 4/7
   685 | D:1      | Reached XP level 3. HP: 25/25 MP: 9/9
   818 | D:1      | Reached skill level 5 in Spellcasting
   870 | D:2      | Found a glowing silver altar of Zin.
  1014 | D:2      | Reached skill level 1 in Invocations
  1029 | D:2      | Found a radiant altar of Vehumet.
  1518 | D:2      | Reached skill level 1 in Fighting
  1518 | D:2      | Reached skill level 1 in Short Blades
  1518 | D:2      | Reached skill level 1 in Long Blades
  1518 | D:2      | Reached skill level 1 in Axes
  1518 | D:2      | Reached skill level 1 in Maces & Flails
  1518 | D:2      | Reached skill level 1 in Polearms
  1518 | D:2      | Reached skill level 1 in Staves
  1518 | D:2      | Reached skill level 1 in Slings
  1518 | D:2      | Reached skill level 1 in Bows
  1518 | D:2      | Reached skill level 1 in Crossbows
  1518 | D:2      | Reached skill level 1 in Throwing
  1518 | D:2      | Reached skill level 1 in Armour
  1518 | D:2      | Reached skill level 1 in Shields
  1518 | D:2      | Reached skill level 1 in Unarmed Combat
  1518 | D:2      | Reached skill level 1 in Evocations
  1521 | D:2      | Reached XP level 4. HP: 19/32 MP: 6/11
  1783 | D:3      | Found a sacrificial altar of Ru.
  2282 | D:3      | Reached skill level 1 in Hexes
  2282 | D:3      | Reached skill level 1 in Charms
  2282 | D:3      | Reached skill level 1 in Summonings
  2282 | D:3      | Reached skill level 1 in Necromancy
  2282 | D:3      | Reached skill level 1 in Translocations
  2282 | D:3      | Reached skill level 1 in Transmutations
  2282 | D:3      | Reached skill level 1 in Fire Magic
  2282 | D:3      | Reached skill level 1 in Air Magic
  2282 | D:3      | Reached skill level 1 in Earth Magic
  2282 | D:3      | Reached skill level 1 in Poison Magic
  2375 | D:3      | Noticed an orc warrior
  2388 | D:3      | Slain by an orc warrior

Skill      XL: |  1  2  3  4 |
---------------+-------------+-----
Conjurations   | 2 |  2.3
Spellcasting   | 5 |  5.1
Invocations    | 1 |  1.3
Fighting       | 1 |  1.2
Short Blades   | 1 |  1.2
Long Blades    | 1 |  1.2
Axes           | 1 |  1.2
Maces & Flails | 1 |  1.2
Polearms       | 1 |  1.2
Staves         | 1 |  1.2
Slings         | 1 |  1.2
Bows           | 1 |  1.2
Crossbows      | 1 |  1.2
Throwing       | 1 |  1.2
Armour         | 1 |  1.2
Shields        | 1 |  1.2
Unarmed Combat | 1 |  1.2
Evocations     | 1 |  1.2
Hexes          | 1 |  1.0
Charms         | 1 |  1.0
Summonings     | 1 |  1.0
Necromancy     | 1 |  1.0
Translocations | 1 |  1.0
Transmutations | 1 |  1.0
Fire Magic     | 1 |  1.0
Air Magic      | 1 |  1.0
Earth Magic    | 1 |  1.0
Poison Magic   | 1 |  1.0
Dodging        | |  4.7
Stealth        | |  4.7
Ice Magic      | |  5.5

Action                   |  1- 3 |  4- 6 || total
-------------------------+-------+-------++-------
Melee: Hand axe          |    29 |       ||    29
       Bite              |     9 |     3 ||    12
       Dagger            |    40 |     5 ||    45
       Punch             |     1 |       ||     1
       Rapier            |       |    24 ||    24
 Fire: Hunting sling     |     3 |       ||     3
 Cast: Freeze            |    23 |     7 ||    30
  Use: Scroll            |       |     2 ||     2
 Stab: Sleeping          |     7 |     2 ||     9
       Distracted        |     1 |       ||     1
  Eat: Chunk             |     4 |     3 ||     7
Armor: Robe              |    13 |     4 ||    17
Dodge: Dodged            |    52 |    21 ||    73
